 Dungeon Crawl Stone Soup version 0.29-a0-847-g24c0ca63c9 (webtiles) character file.

Game seed: 2278569340544924006

64 Malachi the Trooper (level 3, -5/32 HPs)
             Began as a Palentonga Fighter on July 16, 2022.
             Slain by a hobgoblin (6 damage)
             ... led by Robin
             ... on level 2 of the Dungeon.
             The game lasted 00:02:03 (1574 turns).

Malachi the Trooper (Palentonga Fighter)            Turns: 1574, Time: 00:02:03

Health: -5/32      AC:  6    Str: 21    XL:     3   Next: 91%
Magic:  3/3        EV:  7    Int:  8    God:
Gold:   34         SH:  4    Dex:  9    Spells: 2/2 levels left

rFire   . . .      SeeInvis +   a - +0 flail
rCold   . . .      Faith    .   c - +0 buckler
rNeg    . . .      Spirit   .   b - +0 scale mail
rPois   .          Reflect  .   (no helmet)
rElec   .          Harm     .   (no cloak)
rCorr   .          Rampage  .   (no gloves)
Will    .....                   (no barding)
Stlth   ..........              (no amulet)
HPRegen 0.10/turn               (no ring)
MPRegen 0.08/turn               (no ring)

@: mighty
A: large, rugged brown scales 3, see invisible, deformed body, roll 1, armoured
tail
a: Rolling Charge


You were on level 2 of the Dungeon.
You visited 1 branch of the dungeon, and saw 2 of its levels.

You collected 82 gold pieces.
You spent 48 gold pieces at shops.

Inventory:

Hand Weapons
 a - a +0 flail (weapon)
 k - a +0 dagger of venom
Armour
 b - a +0 scale mail (worn)
 c - a +0 buckler (worn)
Scrolls
 f - 2 scrolls of fog
 i - 2 scrolls of teleportation
Potions
 d - a potion of might
 e - a potion of curing {unknown}
 j - a potion of degeneration {unknown}


   Skills:
 + Level 4.0 Fighting
 + Level 3.3 Maces & Flails
 - Level 2.4 Armour
 - Level 2.6 Shields


You had 2 spell levels left.
You didn't know any spells.
Your spell library contained the following spells:

 Spells                   Type           Power      Damage    Failure   Level
 Poisonous Vapours        Pois/Air       0%         N/A       92%         2
 Corpse Rot               Necr/Pois/Air  0%         N/A       100%        4


Dungeon Overview and Level Annotations

Branches:
Dungeon (2/15)

Altars:

Shops:
D:1 ?

Annotations:
D:2 Robin


Innate Abilities, Weirdness & Mutations

You are completely covered in rugged brown scales. (AC +3, +7% HP)
You have supernaturally acute eyesight. (SInv)
Armour fits poorly on your strangely shaped body.
You can roll at nearby foes to attack.
You have a long armoured tail.


Message History

Roll where?
Press: ? - help, Q - select action Dir - move target, f - goblin
Aim: a goblin, wielding a +0 club (strong, fleeing)
You roll forward with a clatter of scales!
You barely miss the goblin.
Your attack snaps the goblin out of its fear.
You tail-slap the goblin.
You kill the goblin!
Roll where?
Press: ? - help, Q - select action Dir - move target, f - goblin
Aim: a goblin, wielding a +0 club (strong, fleeing)
You roll forward with a clatter of scales!
Found 2 gold pieces.
You bludgeon the goblin!!
You kill the goblin!
Robin gives up.
A goblin comes into view. It is wielding a +0 club.
Roll where?
Press: ? - help, Q - select action Dir - move target, f - Robin
Aim: Robin, wielding a +0 spear, wearing a +0 animal skin and wearing a +0 helmet (fleeing)
You roll forward with a clatter of scales!
You barely miss Robin.
Roll where?
Press: ? - help, Q - select action Dir - move target, f/p - Robin
Aim: Robin, wielding a +0 spear, wearing a +0 animal skin and wearing a +0 helmet (fleeing)
You roll forward with a clatter of scales!
You hit Robin.
Your attack snaps Robin out of their fear.
Robin is moderately wounded.
Cornered, the hobgoblin turns to fight!
Robin hits you with a +0 spear.
* * * LOW HITPOINT WARNING * * *
The hobgoblin no longer looks unusually strong.
The goblin hits you but does no damage.
The hobgoblin hits you but does no damage.
Robin roars a battlecry!
The goblin goes into a battle-frenzy!
The goblin attacks as you move away! The goblin closely misses you.
The hobgoblin attacks as you move away! The hobgoblin closely misses you.
The hobgoblin hits you.
You die...

## .#
..#######.#
#.#.g.....#
######.#.......#
...g...#gg..#..#
.#.....@g..##..$
........).......
.#.###.#)####...
...#.#)# ##
....#†# #.###)#
#.###.###)#
#.........#
#####.#####


You could see Robin, 2 hobgoblins and 2 goblins.

Vanquished Creatures
  A dart slug (D:1)
  4 endoplasms (D:1)
  3 giant cockroaches
  10 goblins
  9 hobgoblins
  8 jackals (D:1)
  A quokka (D:1)
  5 ball pythons (D:1)
  3 bats (D:1)
  2 frilled lizards (D:1)
  2 kobolds (D:1)
  3 rats
51 creatures vanquished.

Notes
Turn   | Place    | Note
-------+----------+-------------------------------------------
     0 | D:1      | Malachi the Palentonga Fighter began the quest for the Orb.
     0 | D:1      | Reached XP level 1. HP: 19/19 MP: 1/1
   284 | D:1      | Reached XP level 2. HP: 25/25 MP: 2/2
   532 | D:1      | Reached XP level 3. HP: 30/31 MP: 3/3
  1098 | D:1      | Found Opecrysk's Magic Scroll Emporium.
  1124 | D:1      | Bought a scroll of identify for 24 gold pieces
  1124 | D:1      | Bought a scroll of identify for 24 gold pieces
  1546 | D:2      | Noticed Robin
  1565 | D:2      | Reached skill level 4 in Fighting
  1567 | D:2      | HP: 1/32 [goblin/+0 club[Robin] (3)]
  1572 | D:2      | HP: 1/32 [Robin/+0 spear (1)]
  1574 | D:2      | Slain by a hobgoblin

Illustrated notes

Levels and vault maps discovered:
D:1:      lemuel_arrival_tunnels, layout_loops_ring, serial_shops,
          nicolae_lakefront_shop
D:2:      layout_loops_corners, serial_shops, nicolae_shop_overgrown_old_shop,
          hellmonk_ecumenical_altar_lost_god, kennysheep_minor_cross,
          uniq_terence, uniq_robin, uniq_sigmund, uniq_natasha

Skill      XL: |  1  2  3 |
---------------+----------+-----
Maces & Flails | 3 |  3.3
Fighting       | 4 |  4.0
Armour         | |  2.4
Shields        | |  2.6

Action                   || total
-------------------------++-------
Melee: Flail             ||   133
       Tailslap          ||    11
 Abil: Rolling Charge    ||    12
  Use: Scroll            ||     4
       Potion            ||     1
Armor: Scale mail        ||    87
Dodge: Dodged            ||    53
Block: Buckler           ||    26

Table legend: (Time is in decaauts)
 A = Elapsed time spent in this place.
 B = Non-inter-level travel time spent in this place.
 C = Inter-level travel time spent in this place.
 D = Time resting spent in this place.
 E = Time spent auto-exploring this place.
 F = Levels seen in this place.
 G = Mean time per level.
                   A        B        C        D        E       F      G
               +--------+--------+--------+--------+--------+-----+--------+
         Total |   1612 |   1565 |     47 |      0 |   1268 |   2 |  806.0 |
       Dungeon |   1612 |   1565 |     47 |      0 |   1268 |   2 |  806.0 |
               +--------+--------+--------+--------+--------+-----+--------+

Top non-repeatable levels by time:
     D:1: 1512 daAuts
     D:2: 99 daAuts
